 Dungeon Crawl Stone Soup version 0.17-a0-119-g2b06fc5 (webtiles) character file.

11 Pikaro the Caller (level 2, -2/19 HPs)
             Began as a Mummy Summoner on Mar 21, 2015.
             Slain by a kobold
             ... wielding a cursed +0 dagger
              (4 damage)
             ... on level 1 of the Dungeon.
             The game lasted 00:03:29 (1284 turns).

Pikaro the Caller (Mummy Summoner)                  Turns: 1284, Time: 00:03:29

Health: -2/19      AC:  2    Str: 11    XL:     2   Next: 17%
Magic:  2/4        EV: 12    Int: 14    God:
Gold:   7          SH:  0    Dex: 12    Spells: 1 memorised, 4 levels left

rFire  x . .     SeeInvis .     (no weapon)
rCold  + . .     Clarity  .     a - +0 robe
rNeg   + + +     SustAb   .     (no shield)
rPois  ∞         Gourm    .     (no helmet)
rElec  .         Spirit   .     (no cloak)
rCorr  .         Warding  .     (no gloves)
rMut   .         Stasis   .     (no boots)
MR     .....                    (no amulet)
Stlth  ++........               (no ring)
                                (no ring)

@: not resistant to hostile enchantments, unstealthy
A: no food or potions, fire vulnerability, restore body, cold resistance 1,
negative energy resistance 3, poison resistance, torment resistance, unbreathing
a: no special abilities


You were on level 1 of the Dungeon.
You were not hungry.

You visited 1 branch of the dungeon, and saw 1 of its levels.

You collected 7 gold pieces.

Inventory:

Armour
 a - a +0 robe (worn)
Scrolls
 d - a scroll of teleportation
Books
 b - a book of Callings


   Skills:
 - Level 1.5 Dodging
 - Level 1.5 Stealth
 - Level 2.0 Spellcasting
 + Level 3.7 Summonings


You had 4 spell levels left.
You knew the following spells:

 Your Spells              Type           Power        Failure   Level  Hunger
A - Summon Small Mammal   Summ           ##..         6%          1    N/A

Dungeon Overview and Level Annotations

Branches:
Dungeon (1/15)

Altars:


Innate Abilities, Weirdness & Mutations

You do not eat or drink.
Your flesh is vulnerable to fire.
Your flesh is cold resistant.
You are immune to negative energy.
Your system is resistant to poisons.
You are immune to unholy pain and torment.
You can survive without breathing.


Message History

Your bat hits the hobgoblin but does no damage.
Your rat barely misses the hobgoblin.
The hobgoblin barely misses your rat.
Your rat barely misses the hobgoblin.
Your bat hits the kobold.
The kobold dies!
Your bat completely misses the hobgoblin.
Your rat barely misses the hobgoblin.
The hobgoblin hits your rat.
Your rat dies!
Your rat's corpse disappears in a puff of smoke!
Your bat hits the hobgoblin but does no damage.
Your bat hits the hobgoblin.
Your rat bites the hobgoblin.
Your bat hits the hobgoblin.
The hobgoblin dies!
You swap places. a dagger; a hobgoblin corpse; a kobold corpse You start resting.
Your bat disappears in a puff of smoke! x2
Your rat disappears in a puff of smoke!
Health restored: 19; MP restored: 4; Total turns waited: 35 You see here 2 stones.
d - 2 scrolls labeled FYXUIRR UXUA (gained 1)
You see here a whip.
A rat comes into view.
The rat bites you but does no damage.
You hit the rat but do no damage. The rat closely misses you.
You closely miss the rat. The rat barely misses you.
You hit the rat.
You kill the rat!
No target in view!
No target in view!
There is an escape hatch in the floor here.
You now have 7 gold pieces.
Found a runed whip.
You see here a runed whip.
e - a runed whip Wield which item (- for none, * to show all)? (? for menu, Esc to quit)
It sticks to your hand!
e - a cursed -2 whip (weapon)
Read which item? (? for menu, Esc to quit)
As you read the scroll labeled FYXUIRR UXUA, it crumbles to dust.
You feel strangely unstable.
It was a scroll of teleportation.
You can't eat.
Read which item? (? for menu, Esc to quit)
As you read the scroll labeled WANACV SKEWI, it crumbles to dust.
You feel as if something is helping you.
It was a scroll of remove curse.
You are now empty-handed.
You drop a -2 whip.
A goblin comes into view. It is wielding a club.
Your surroundings suddenly seem different.
A kobold comes into view. It is wielding a dagger.
A goblin comes into view. It is wielding a club.
The goblin moves out of view.
The kobold shouts!
The kobold hits you with a dagger.
You take 3 damage, and have 16/19 hp.
You closely miss the kobold. The kobold hits you but does no damage.
You closely miss the kobold.
The kobold drinks a potion.
The kobold seems to speed up.
You hit the kobold but do no damage. The kobold barely misses you.
You closely miss the kobold. The kobold hits you with a dagger.
The kobold hits you but does no damage.
You take 2 damage, and have 14/19 hp.
You barely miss the kobold. The kobold hits you but does no damage.
You hit the kobold but do no damage. The kobold barely misses you.
The kobold hits you with a dagger.
You take 2 damage, and have 12/19 hp.
You barely miss the kobold. The kobold hits you but does no damage.
The kobold hits you with a dagger. x2
You take 3 damage, and have 9/19 hp.
You now have 3/4 mp.
The kobold hits you with a dagger.
Your rat barely misses the kobold.
You take 3 damage, and have 6/19 hp.
You now have 2/4 mp.
You barely miss the kobold. The kobold closely misses you.
The kobold barely misses you.
Your rat closely misses the kobold.
Your rat barely misses the kobold.
Your rat barely misses the kobold.
The kobold hits you but does no damage.
You closely miss the kobold. The kobold barely misses you.
Your rat barely misses the kobold. x2
You barely miss the kobold. The kobold hits you but does no damage.
Your rat barely misses the kobold. x2
The kobold hits you with a dagger.
* * * LOW HITPOINT WARNING * * *
You take 1 damage, and have 5/19 hp.
The kobold hits you with a dagger.
* * * LOW HITPOINT WARNING * * *
Your rat barely misses the kobold.
Your rat bites the kobold but does no damage.
You take 2 damage, and have 3/19 hp.
You now have 1/4 mp.
Your quokka completely misses the kobold.
The kobold hits you with a dagger.
* * * LOW HITPOINT WARNING * * *
You take 1 damage, and have 2/19 hp.
You hit the kobold but do no damage. The kobold barely misses you.
Your quokka barely misses the kobold.
Your rat barely misses the kobold.
Your rat bites the kobold but does no damage.
The kobold hits you but does no damage.
You hit the kobold but do no damage. The kobold hits you with a dagger.
You die...

.# #. .# .## #.#.# ..#
#... # #.# #..# .# #..
#.##..###..# ##.### #.#
#....r.....# # ...###.#
#####.r#####
###...##.########Kr.####..
..÷.............@......'..
###.........#.......####..
# ##..8...8...8....## #
#....#...#....#.# #
#...###.###.#.#.# #
#%...#...#......# #
#..8...8...8.#..# #
#....#...#...#..# #
#.#.###.###.#....


You could see a kobold, a friendly quokka and 2 friendly rats.

Vanquished Creatures
  A giant cockroach (D:1)
  2 goblins (D:1)
  A jackal (D:1)
  A giant newt (D:1)
  2 rats (D:1)
7 creatures vanquished.

Vanquished Creatures (collateral kills)
  A giant cockroach (D:1)
  A hobgoblin (D:1)
  2 jackals (D:1)
  3 kobolds (D:1)
7 creatures vanquished.

Vanquished Creatures (others)
  5 bats (D:1)
  2 quokkas (D:1)
  5 rats (D:1)
12 creatures vanquished.

Grand Total: 26 creatures vanquished

Notes
Turn   | Place    | Note
--------------------------------------------------------------
     0 | D:1      | Pikaro, the Mummy Summoner, began the quest for the Orb.
     0 | D:1      | Reached XP level 1. HP: 13/13 MP: 3/3
   458 | D:1      | HP: 3/13 [kobold/hand axe (5)]
   811 | D:1      | HP: 3/13 [jackal (1)]
   829 | D:1      | Reached XP level 2. HP: 5/19 MP: 0/4
  1280 | D:1      | HP: 3/19 [kobold/dagger (2)]
  1284 | D:1      | Slain by a kobold

Action                   || total
-------------------------++-------
Melee: Unarmed           ||    40
 Cast: Summon Small Mamm ||    28
  Use: Scroll            ||     2

Vault maps used:
D:1:      eino_arrival_tree_alley, minmay_crystal_water,
          minmay_misc_feat_four_crosses

Table legend:
 A = Turns spent in this place as a percentage of turns spent in the entire game.
 B = Non-inter-level travel turns spent in this place as a percentage of non-inter-level travel turns spent in the entire game.
 C = Inter-level travel turns spent in this place as a percentage of turns spent in this place.
 D = Turns resting spent in this place as a percentage of non-inter-level travel turns spent in this place.
 E = Turns spent auto-exploring this place as a percentage of non-inter-level travel turns spent in this place.
 F = Non-inter-level travel turns spent in this place divided by the number of levels of this place that you've seen.
                   A       B       C       D       E      F
               +-------+-------+-------+-------+-------+----------------------
         Total | 100.0 | 100.0 |   0.0 |   4.3 |   4.9 | 345.0
       Dungeon | 100.0 | 100.0 |   0.0 |   4.3 |   4.9 | 345.0
               +-------+-------+-------+-------+-------+----------------------

Table legend:
 A = Kills in this place as a percentage of kills in entire the game.
 B = Kills by you in this place as a percentage of kills by you in the entire game.
 C = Kills by friends in this place as a percentage of kills by friends in the entire game.
 D = Other kills in this place as a percentage of other kills in the entire game.
 E = Experience gained in this place as a percentage of experience gained in the entire game.
 F = Experience gained in this place divided by the number of levels of this place that you have seen.
                   A       B       C       D       E      F
               +-------+-------+-------+-------+-------+----------------------
         Total | 100.0 | 100.0 | 100.0 |  -nan | 100.0 |  17.0
       Dungeon | 100.0 | 100.0 | 100.0 |  -nan | 100.0 |  17.0
               +-------+-------+-------+-------+-------+----------------------
